Map: Proxima Station LE

Players

Arctur - Winner!

  • Race: Terran Terran
  • Spawn Location: 1:00

Zanster

  • Race: Zerg Zerg
  • Spawn Location: 7:00

Event: WCS Valencia 2017

VOD

Have the link to the VOD?

Description

Time

  • Played on: July 13, 2017, 2:53 p.m.
  • Length: 15:52

All games in this series

Show
View Real Time Build Order
Export as new Build Order

Arctur Terran - Winner!

Build Orders: Liberator Opening, Reaper Expand, Bio Mine 

Get SALT Encoding   

  12  0:00  SCV  
  13  0:13  SCV  
  14  0:17  Supply Depot  
  14  0:25  SCV  
  14  0:27  Refinery  
  15  0:39  SCV  
  16  0:44  Barracks  
  16  0:51  SCV  
  17  1:03  SCV  
  18  1:15  SCV  
  19  1:32  Orbital Command, Reaper  
  20  1:44  Command Center  
  20  1:55  Factory  
  20  1:59  SCV  
  21  2:04  Refinery  
  21  2:06  Barracks Reactor  
  21  2:11  SCV  
  22  2:17  Supply Depot  
  22  2:23  SCV  
  23  2:39  SCV  
  23  2:41  Starport  
  24  2:49  Hellion  
  24  2:50  Hellion  
  28  2:51  SCV  
  28  2:52  Marine  
  30  2:59  Orbital Command  
  30  3:03  SCV  
  31  3:11  Widow Mine x2  
  35  3:14  Barracks Tech Lab  
  35  3:18  SCV  
  36  3:23  Medivac  
  36  3:26  SCV  
  39  3:30  SCV  
  40  3:41  Hellion x2  
  44  3:42  Stimpack  
  44  3:43  SCV x2  
  46  3:48  Supply Depot  
  46  3:53  Liberator  
  46  4:10  Hellion x2, SCV  
  46  4:11  Supply Depot  
  46  4:16  Armory  
  54  4:32  SCV x2  
  54  4:33  Hellion x2  
  54  4:34  Supply Depot  
  54  4:38  Liberator  
  60  4:44  SCV x2  
  62  4:52  Command Center  
  62  4:57  Supply Depot  
  62  4:58  SCV x2  
  62  4:59  Marine  
  64  5:10  Engineering Bay, Factory Reactor  
  64  5:13  Barracks  
  64  5:15  SCV x2  
  66  5:24  Engineering Bay  
  66  5:27  SCV x2  
  68  5:39  SCV x2  
  68  5:42  Marine  
  56  5:45  Starport Reactor  
  56  5:47  Combat Shields  
  56  5:48  Barracks  
  56  5:51  SCV x2  
  56  5:53  Factory Reactor  
  58  6:00  Marine  
  58  6:02  Marine x2  
  58  6:03  SCV x2  
  59  6:04  Terran Infantry Weapons Level 1  
  59  6:05  Refinery  
  59  6:14  Orbital Command  
  59  6:15  SCV  
  59  6:16  SCV, Barracks  
  59  6:18  Marine  
  61  6:19  Terran Infantry Armor Level 1  
  61  6:22  Marine x2, Refinery  
  64  6:31  Widow Mine x2  
  68  6:34  SCV  
  68  6:35  Barracks  
  68  6:36  Marine  
  68  6:37  Marine  
  68  6:39  Marine  
  72  6:40  Marine x2, SCV  
  72  6:45  Medivac x2  
  72  6:46  SCV  
  77  6:49  Orbital Command  
  77  6:54  Marine x2  
  77  6:56  Marine  
  77  6:57  SCV  
  77  6:58  SCV  
  77  7:00  Widow Mine  
  81  7:03  Marine  
  81  7:04  Marine  
  81  7:06  Barracks Reactor, Concussive Shells  
  83  7:09  SCV, Factory  
  83  7:10  SCV  
  83  7:11  Marine  
  83  7:12  Marine  
  87  7:17  Terran Vehicle And Ship Armor Level 1, SCV  
  87  7:21  SCV  
  87  7:22  Refinery, Supply Depot x2  
  89  7:27  Marine x3  
  89  7:28  Barracks Reactor  
  92  7:32  SCV  
  93  7:43  SCV x2, Marine x2, Medivac x2, Widow Mine x2  
  93  7:44  Marine x2  
  106  7:45  Supply Depot  
  106  7:47  SCV, Marine, Supply Depot  
  106  7:50  Supply Depot  
  109  7:52  Supply Depot x2  
  109  8:07  Marine x5, SCV  
  115  8:13  Marine, Medivac x2  
  115  8:15  Widow Mine x2  
  115  8:16  Factory Tech Lab  
  115  8:17  SCV x2  
  115  8:19  SCV  
  127  8:20  Supply Depot  
  127  8:24  Terran Infantry Armor Level 2  
  127  8:25  Marine x8  
  135  8:31  Marine, Terran Infantry Weapons Level 2  
  133  8:39  Widow Mine  
  130  8:43  Marine x4, Medivac  
  130  8:44  Marine  
  137  8:50  Widow Mine x2  
  137  8:51  Marine x4  
  137  8:54  SCV, Medivac  
  148  9:00  Marine  
  148  9:01  Marine  
  143  9:03  Marine  
  143  9:04  Marine x2  
  143  9:07  Widow Mine  
  143  9:08  SCV x2  
  143  9:09  Marine x4  
  152  9:15  Medivac  
  151  9:18  Marine  
  151  9:19  Marine, Widow Mine x2  
  151  9:20  Marine  
  151  9:22  Marine  
  157  9:25  Supply Depot  
  157  9:27  Supply Depot  
  157  9:31  Supply Depot  
  157  9:34  Command Center  
  157  9:40  Marine  
  157  9:41  Marine x3  
  157  9:42  Marine  
  157  9:46  Marine x3, Medivac, Widow Mine  
  157  9:48  Marauder, Supply Depot  
  157  9:49  Supply Depot  
  166  9:54  Widow Mine x2  
  166  9:56  Liberator  
  166  9:59  Liberator  
  168  10:03  Command Center  
  168  10:04  Marine x4  
  172  10:07  Drilling Claws  
  172  10:09  Marine x3  
  172  10:10  Marine  
  130  10:28  Marine  
  130  10:29  Widow Mine x2  
  130  10:30  Thor  
  130  10:33  Marine  
  140  10:37  Marine  
  140  10:38  Marine  
  134  10:48  Marine x6  
  135  10:51  Marine  
  135  10:55  Marine  
  135  10:56  Marine  
  138  10:58  Medivac  
  138  10:59  Medivac  
  133  11:06  Marine x4  
  133  11:09  Widow Mine  
  133  11:10  Widow Mine  
  138  11:13  Thor  
  138  11:16  Planetary Fortress  
  138  11:18  Refinery  
  144  11:23  Terran Infantry Weapons Level 3  
  144  11:33  Terran Infantry Armor Level 3  
  136  11:41  Widow Mine x2  
  136  11:43  Marine x4, Medivac  
  136  11:44  Marine x2  
  136  11:45  Marine  
  136  11:46  Marine x2  
  135  11:52  Liberator  
  128  11:55  Liberator  
  128  11:57  Planetary Fortress  
  128  12:01  Marine x5  
  128  12:03  Barracks  
  128  12:04  Barracks x2  
  128  12:05  Marine x3  
  136  12:14  Marine  
  143  12:19  Marine  
  143  12:21  SCV  
  139  12:23  Marine x3  
  133  12:32  Marine x3  
  133  12:33  SCV  
  133  12:34  Marine  
  133  12:35  Widow Mine x2  
  133  12:36  Thor, Marine  
  133  12:37  Marine  
  146  12:41  Marine  
  148  12:45  Marine x2  
  148  12:50  Marine x2  
  152  12:54  Marauder  
  145  13:04  Marine, Widow Mine x2  
  145  13:05  Marine x5  
  142  13:07  Liberator x2  
  142  13:10  Terran Vehicle And Ship Armor Level 2  
  138  13:16  Marauder, Barracks Tech Lab x2  
  138  13:17  Barracks Tech Lab  
  141  13:23  Marine x8  
  155  13:27  Thor  
  155  13:32  Widow Mine x2  
  160  13:37  Marauder  
  160  13:38  Marine x3  
  160  13:41  Marine x7  
  166  13:42  Marine  
  166  13:50  Liberator x2  
  166  13:54  Refinery  
  165  13:56  Marauder, Marine x2, Refinery  
  165  13:58  Marine  
  165  14:01  Widow Mine  
  152  14:06  Widow Mine  
  152  14:08  Marine x7  
  157  14:14  Marauder  
  156  14:25  Marauder x2, Marine x2  
  156  14:26  Marine x6  
  156  14:27  Marine  
  156  14:30  Refinery  
  169  14:31  Factory  
  169  14:32  Starport  
  169  14:35  Marauder  
  169  14:36  Command Center  
  171  14:42  Marine, Widow Mine x2  
  171  14:43  Thor, Marine x2  
  171  14:44  Marine x5  
  189  14:46  Marauder x2  
  189  14:48  Marine  
  189  14:49  Liberator  
  193  14:57  Marauder  
  185  15:00  Marine x2  
  185  15:01  Marine  
  185  15:02  Marine x4  
  170  15:08  Marauder x2, Marine x2  
  170  15:12  Refinery  
  171  15:18  Marauder, Marine  
  171  15:19  Marauder  
  176  15:21  Marine x3  
  176  15:22  Marine  
  176  15:29  Marauder x2  
  182  15:47  Starport Reactor  
  182  15:48  Factory Tech Lab  
Show
View Real Time Build Order
Export as new Build Order

Zanster Zerg 

Build Orders: Hatch First, Muta Ling Bane 

Get SALT Encoding   

  12  0:00  Drone  
  13  0:13  Overlord  
  13  0:16  Drone  
  14  0:31  Drone x2  
  16  0:35  Drone  
  17  0:55  Hatchery, Drone  
  17  0:58  Drone  
  18  1:10  Extractor  
  17  1:13  Spawning Pool  
  17  1:17  Drone  
  17  1:21  Drone  
  18  1:29  Drone  
  19  1:39  Drone  
  20  1:49  Overlord  
  20  2:05  Queen  
  20  2:07  Queen  
  20  2:08  Zergling x4  
  26  2:11  Metabolic Boost  
  26  2:14  Zergling x2  
  27  2:20  Drone  
  28  2:24  Drone  
  28  2:29  Drone  
  30  2:39  Hatchery  
  30  2:41  Drone  
  30  2:43  Drone  
  30  2:45  Drone  
  31  2:53  Queen  
  31  2:57  Overlord  
  33  3:00  Drone  
  33  3:03  Drone  
  35  3:09  Extractor  
  35  3:10  Drone  
  36  3:16  Drone x4  
  36  3:17  Drone  
  41  3:22  Overlord  
  41  3:25  Drone  
  42  3:27  Drone  
  42  3:36  Overlord  
  42  3:37  Zergling x2  
  42  3:38  Zergling x2  
  44  3:41  Spore Crawler  
  44  3:46  Zergling x2  
  44  3:50  Queen  
  44  3:52  Drone  
  44  3:53  Drone x3  
  44  3:55  Drone  
  51  3:58  Drone x2  
  51  4:01  Drone  
  54  4:04  Queen  
  54  4:09  Baneling Nest  
  55  4:12  Drone  
  56  4:17  Zergling x4  
  58  4:28  Overlord  
  58  4:32  Spore Crawler  
  58  4:34  Drone  
  58  4:37  Overlord  
  58  4:47  Drone x8  
  58  4:50  Queen  
  66  4:54  Baneling x2  
  66  4:55  Baneling x6  
  66  4:56  Drone  
  66  4:57  Drone x4  
  71  5:03  Extractor, Drone  
  71  5:04  Zergling x4  
  73  5:13  Evolution Chamber, Zergling x2  
  74  5:14  Zergling x2  
  74  5:15  Evolution Chamber  
  74  5:19  Overlord  
  68  5:33  Drone  
  68  5:34  Drone x8  
  73  5:42  Drone x5  
  68  5:51  Zergling x4  
  69  6:01  Drone x2  
  71  6:04  Drone x2  
  71  6:06  Queen  
  71  6:10  Drone  
  74  6:16  Drone x5  
  74  6:17  Zerg Melee Weapons Level 1  
  79  6:21  Drone  
  76  6:28  Drone x2  
  76  6:31  Extractor  
  76  6:32  Hatchery  
  76  6:34  Lair, Drone  
  76  6:36  Drone x2  
  76  6:38  Drone  
  76  6:39  Drone  
  81  6:40  Zerg Ground Armor Level 1  
  81  6:47  Extractor  
  81  6:49  Hatchery, Overlord  
  77  6:55  Drone x4  
  77  6:57  Overlord x2  
  77  7:00  Overlord  
  77  7:01  Extractor  
  80  7:02  Overlord  
  80  7:04  Extractor  
  79  7:14  Zergling x2, Drone  
  79  7:15  Zergling x12  
  87  7:16  Baneling x4  
  87  7:21  Overlord  
  87  7:27  Zergling x4  
  89  7:37  Zergling x14  
  90  7:40  Zergling x2  
  90  7:41  Zergling x6  
  100  7:48  Overseer  
  100  7:51  Zergling x2  
  100  7:52  Zergling x6  
  100  7:53  Queen  
  100  7:54  Centrifical Hooks  
  106  7:58  Spire  
  106  8:03  Overlord  
  100  8:12  Drone  
  100  8:13  Drone x13  
  100  8:18  Overlord  
  113  8:23  Zergling x2  
  113  8:24  Zergling x4  
  113  8:27  Zergling x6  
  117  8:29  Baneling  
  117  8:30  Baneling x4  
  117  8:38  Zerg Ground Armor Level 2, Zerg Melee Weapons Level 2  
  116  8:42  Zergling x2  
  116  8:43  Zergling x20  
  126  8:51  Overlord  
  126  8:52  Zergling x4  
  126  8:53  Zergling x10  
  131  8:57  Overlord  
  125  9:06  Queen  
  125  9:08  Drone x2  
  125  9:09  Drone x3  
  124  9:10  Zergling x2  
  124  9:11  Zergling x16  
  128  9:22  Baneling  
  128  9:23  Mutalisk x4, Baneling x4  
  128  9:24  Mutalisk x3  
  130  9:26  Mutalisk x2  
  130  9:27  Mutalisk  
  148  9:33  Extractor  
  148  9:34  Extractor, Mutalisk  
  148  9:39  Mutalisk  
  148  9:42  Zergling x2  
  148  9:43  Zergling x16  
  156  9:57  Zergling x4  
  156  9:59  Overlord  
  157  10:01  Baneling x7  
  157  10:02  Baneling x9  
  157  10:04  Baneling x2  
  157  10:07  Overlord  
  157  10:09  Overseer  
  157  10:12  Baneling x3  
  157  10:14  Zergling x2  
  157  10:15  Zergling x2  
  157  10:19  Zergling x24  
  157  10:20  Zergling x12  
  149  10:25  Overlord  
  138  10:30  Zergling x10  
  138  10:32  Baneling x6  
  138  10:33  Baneling  
  138  10:34  Zergling x4  
  143  10:39  Zergling x10  
  136  10:51  Overseer  
  136  10:52  Overseer  
  136  10:53  Mutalisk x3  
  136  10:55  Extractor  
  136  10:56  Zergling x16  
  145  11:04  Zergling x8  
  145  11:07  Baneling x7  
  145  11:09  Zergling x2  
  145  11:10  Zergling x14  
  154  11:13  Zergling x2  
  154  11:14  Zergling x8  
  159  11:19  Baneling  
  159  11:20  Baneling x7  
  159  11:22  Zergling x2  
  159  11:23  Zergling x10  
  165  11:30  Baneling  
  165  11:31  Baneling x7  
  165  11:32  Hatchery  
  164  11:38  Zergling x4  
  164  11:39  Zergling x8  
  165  11:43  Zergling x10  
  166  11:48  Baneling x8  
  166  11:50  Zergling x2  
  166  11:51  Zergling x10  
  166  11:53  Overlord  
  162  11:56  Baneling  
  162  11:57  Baneling x13  
  162  12:00  Zergling x6  
  165  12:06  Overlord  
  165  12:18  Zergling x2  
  165  12:19  Zergling x16  
  171  12:23  Extractor, Overlord  
  161  12:34  Mutalisk x7  
  165  12:38  Zergling x2  
  165  12:39  Zergling x18  
  165  12:42  Zergling x12  
  174  12:47  Zergling x2  
  174  12:48  Zergling x2  
  176  12:51  Baneling x3  
  164  12:59  Zergling x12  
  164  13:05  Mutalisk x5  
  162  13:21  Infestation Pit  
  162  13:22  Zergling x26  
  162  13:23  Zergling x4  
  176  13:27  Zerg Flyer Armor Level 1  
  176  13:29  Hatchery  
  172  13:46  Zergling x2  
  172  13:47  Zergling x30  
  182  13:49  Pneumatized Carapace  
  179  14:01  Zergling x22  
  153  14:10  Zergling x16  
  156  14:18  Overseer  
  156  14:22  Hive  
  156  14:28  Mutalisk x4  
  156  14:30  Overseer  
  164  14:33  Baneling  
  164  14:34  Baneling x12  
  161  14:39  Zergling x18  
  162  14:49  Zergling x10  
  130  15:08  Zergling x4  
  130  15:09  Zergling x26  
  139  15:18  Zergling x6  
Tags
 
Add a new tag
Caveats
  • Supply blocks, unpowered buildings, or Contaminate may cause inaccurate times.
  • Supply counts are checked every 10 seconds.